 Dungeon Crawl Stone Soup version 0.24-a0-203-gf0bc1e9 (webtiles) character file.

Game seed: 4802840248448029219

102 Borgoz the Cutter (level 5, -3/33 HPs)
             Began as a Kobold Berserker on Mar 26, 2019.
             Was a Believer of Trog.
             Splashed by a jelly's acid (8 damage)
             ... on level 3 of the Dungeon.
             The game lasted 00:03:17 (2007 turns).

Borgoz the Cutter (Kobold Berserker)                Turns: 2007, Time: 00:03:18

Health: -3/33      AC: -1    Str: 15    XL:     5   Next: 6%
Magic:  5/5        EV: 16    Int:  8    God:    Trog [**....]
Gold:   125        SH:  0    Dex: 15    Spells: 4/4 levels left

rFire    . . .     SeeInvis .   a - +0 short sword
rCold    . . .     Gourm    .   (shield restricted)
rNeg     . . .     Faith    .   b - +0 animal skin
rPois    .         Spirit   .   (no helmet)
rElec    .         Reflect  .   (no cloak)
rCorr    .         Harm     .   (no gloves)
MR       .....                  (no boots)
Stlth    ++........             (no amulet)
HPRegen  0.11/turn              (no ring)
MPRegen  0.09/turn              (no ring)

@: corroded
A: small, carnivore
a: Berserk, Trog's Hand, Renounce Religion


You were on level 3 of the Dungeon.
You worshipped Trog.
Trog was pleased with you.
You were completely stuffed.

You visited 1 branch of the dungeon, and saw 3 of its levels.

You collected 125 gold pieces.

Inventory:

Hand Weapons
 a - a +0 short sword (weapon)
 p - a +2 dagger of draining
Armour
 b - a +0 animal skin (worn)
Jewellery
 j - an uncursed ring of see invisible {unknown}
 l - an uncursed ring of protection from cold
 m - an uncursed ring of protection from cold
Wands
 n - a wand of random effects (28)
Scrolls
 d - 2 scrolls of identify {unknown}
 g - a scroll of enchant weapon {unknown}
 h - a scroll of fear {unknown}
 o - a scroll of enchant armour {unknown}
 q - a scroll of teleportation {unknown}
Potions
 e - a potion of curing {unknown}
 f - a potion of haste {unknown}
 i - a potion of lignification {unknown}
Comestibles
 c - 3 rations


   Skills:
 + Level 3.9 Fighting
 + Level 4.7 Short Blades
 + Level 2.2 Armour
 + Level 3.3 Dodging
 + Level 2.5 Stealth


You had 4 spell levels left.
You didn't know any spells.
Your spell library was empty.

Dungeon Overview and Level Annotations

Branches:
Dungeon (3/15)

Altars:


Innate Abilities, Weirdness & Mutations

You are small and have problems with some larger weapons.
You are carnivorous and can eat meat at any time.


Message History

The jelly is heavily wounded.
The jelly closely misses you.
You are too injured to fight recklessly!
You are too injured to fight recklessly!
You are too injured to fight recklessly!
You hit the jelly.
Your hands burn!
The jelly is severely wounded.
The jelly hits you but does no damage.
You completely miss the jelly.
The jelly is severely wounded.
The jelly hits you but does no damage.
You hit the jelly but do no damage.
Your hands burn!
The jelly is severely wounded.
You hit the jelly.
Your hands burn!
* * * LOW HITPOINT WARNING * * *
The jelly is almost dead.
The jelly hits you.
* * * LOW HITPOINT WARNING * * *
The acid corrodes you!
You are splashed with acid!
You die...

#.........#
#.####....# #.#
#....# #.####....#
#.#.......#
#.#.#.#+###
#.#.#.# #.#.#.#
#@#.#.############
#J#.#.#...........
#.#.#.#.##########
#.#.#.#.# #..
..#.#.#.# #.#
###.#.#.# #..
#.#.#.# ###
#.#...#######
#.#.....[....


You could see a jelly.

Vanquished Creatures
  An orc wizard (D:3)
  A worm (D:2)
  5 leopard geckos
  2 orcs (D:3)
  A ball python (D:1)
  7 bats
  3 giant cockroaches
  12 hobgoblins
  4 jackals (D:2)
  4 kobolds
  A quokka (D:2)
  A frilled lizard (D:1)
  8 goblins
  4 rats
54 creatures vanquished.

Notes
Turn   | Place    | Note
-------+----------+-------------------------------------------
     0 | D:1      | Borgoz the Kobold Berserker began the quest for the Orb.
     0 | D:1      | Reached XP level 1. HP: 14/14 MP: 1/1
    80 | D:1      | Reached XP level 2. HP: 13/19 MP: 2/2
   145 | D:1      | Reached skill level 1 in Stealth
   387 | D:1      | Reached XP level 3. HP: 22/23 MP: 3/3
   632 | D:1      | Reached ** piety under Trog
  1006 | D:2      | You fall through a shaft!
  1037 | D:3      | Reached XP level 4. HP: 12/29 MP: 4/4
  1678 | D:2      | Reached XP level 5. HP: 29/33 MP: 5/5
  2007 | D:3      | Splashed by a jelly's acid

Levels and vault maps discovered:
D:1:      evilmike_arrival_fibonacci_small, layout_rooms
D:2:      layout_rooms, minmay_misc_feat_diagonals, minmay_pentomino_x4
D:3:      layout_basic

Skill      XL: |  1  2  3  4 |
---------------+-------------+-----
Stealth        | 1 2 |  2.5
Dodging        | 3 |  3.3
Armour         | 2 |  2.2
Fighting       | |  3.9
Short Blades   | |  4.7

Action                   |  1- 3 |  4- 6 || total
-------------------------+-------+-------++-------
Melee: Short sword       |   125 |    82 ||   207
Invok: Berserk           |     2 |     2 ||     4
 Stab: Sleeping          |     2 |     1 ||     3
  Eat: Chunk             |    11 |     4 ||    15
Armor: Animal skin       |    17 |     8 ||    25
Dodge: Dodged            |   122 |    61 ||   183

Table legend:
 A = Non-vault XP
 B = Vault XP
 C = Vault XP percentage of total XP
 D = Non-vault monster count
 E = Vault monster count
 F = Vault count percentage of total count
                 A         B        C        D         E       F
            +---------+---------+-------+---------+---------+-------
      Total |     142 |       5 |   3.4 |      50 |       4 |   7.4
            +---------+---------+-------+---------+---------+-------
        D:1 |      44 |       1 |   2.2 |      23 |       1 |   4.2
        D:2 |      40 |       4 |   9.1 |      19 |       3 |  13.6
        D:3 |      58 |       0 |   0.0 |       8 |       0 |   0.0
            +---------+---------+-------+---------+---------+-------
